 Dungeon Crawl Stone Soup version 0.18-a0-1220-g2dc6208 (console) character file.

757720 LETSDOELF the Imperceptible (level 27, -17/205 HPs)
             Began as a High Elf Enchanter on Jan 24, 2016.
             Was the Champion of Dithmenos.
             Demolished by a balrug
             ... wielding a +0 demon whip of draining
              (26 damage)
             ... in Pandemonium on Feb 3, 2016.
             The game lasted 10:54:50 (105418 turns).

LETSDOELF the Imperceptible (High Elf Enchanter)  Turns: 105418, Time: 10:54:50

Health: -17/205    AC: 20    Str: 13    XL:     27
Magic:  38/47      EV: 36    Int: 26    God:    Dithmenos [******]
Gold:   1154       SH: 10    Dex: 24    Spells: 14 memorised, 4 levels left

rFire  + + .     SeeInvis +     b - +10 sword of Jihad {holy, *Rage rN+ EV+3 Stlth-}
rCold  + . .     Gourm    .     k - +2 robe {rC+ rF+}
rNeg   + + +     Faith    .     R - +3 buckler {AC+3}
rPois  .         Spirit   .     c - +2 hat of the Equinox {MR+}
rElec  .         Dismiss  .     D - +2 cloak of the Thief {+Fog Slay-2 SInv Stlth+}
rCorr  .         Reflect  .     w - +2 pair of gloves
SustAt .         Harm     .     x - +2 pair of boots
MR     +++..     Rnd*Rage +     L - amulet of regeneration
Stlth  ++++++++++               P - ring of protection from fire
                                u - ring of Xontuw {rN++ Str+2 Dex+3 Slay+6}

@: sap magic, very slightly contaminated, wreathed by umbra, deflect missiles,
extremely resistant to hostile enchantments, uncannily stealthy
A: no striking features
a: Shadow Step, Shadow Form, Renounce Religion, Evoke Fog
}: 7/15 runes: decaying, serpentine, slimy, silver, abyssal, demonic, glowing


You were in Pandemonium.
You worshipped Dithmenos.
Dithmenos was exalted by your worship.
You were not hungry.

You visited 10 branches of the dungeon, and saw 55 of its levels.
You visited Pandemonium 2 times, and saw 27 of its levels.
You visited the Abyss 2 times.
You visited 1 bazaar.
You also visited: Labyrinth, Sewer, Ice Cave, Volcano and Wizlab.

You collected 11089 gold pieces.
You spent 9935 gold pieces at shops.

Inventory:

Hand Weapons
 a - the +10 quick blade "Jerchuatu" {venom, Str+2 SInv, I suggest we train throwing for needle stab in extended, and get LRD}
   (You found it on level 8 of the Lair of Beasts)

   It poisons the flesh of those it strikes.
   It affects your strength (+2).
   It lets you see invisible.
 b - the +10 sword of Jihad (weapon) {holy, *Rage rN+ EV+3 Stlth-}
   (You took it off a deep elf sorcerer on level 3 of the Elven Halls)

   It has been blessed by the Shining One to cause great damage to the undead
   and demons.
   It affects your evasion (+3).
   It protects you from negative energy.
   It may make you go berserk in combat.
   It makes you less stealthy.
 O - a +6 blowgun {@w1}
Missiles
 A - 9 curare-tipped needles
 J - 3 throwing nets (quivered) {maybe cblink or necromut for orbruntomb. and there book with regen in shop}
 T - 7 needles of confusion
Armour
 c - the +2 hat of the Equinox (worn) {MR+}
   (You acquired it on level 3 of the Depths)

   It affects your resistance to hostile enchantments.
 k - a +2 robe of resistance (worn)
 w - a +2 pair of gloves (worn)
 x - a +2 pair of boots (worn)
 D - the +2 cloak of the Thief (worn) {+Fog Slay-2 SInv Stlth+}
   (You bought it in a shop on level 4 of the Vaults)

   It affects your accuracy and damage with ranged weapons and melee attacks
   (-2).
   It lets you see invisible.
   It can be evoked to emit clouds of fog.
   It makes you more stealthy.
 R - a +3 buckler of protection (worn)
 V - the +2 robe of Subjectivity {*Contam *Confuse Str+9 Slay+5}
   (You found it in Pandemonium)

   It affects your strength (+9).
   It affects your accuracy and damage with ranged weapons and melee attacks
   (+5).
   It causes magical contamination when unequipped.
   It may confuse you when you take damage.
Jewellery
 o - the ring of the Failed Coup {SustAt Int+9 Dex+4}
   (You found it on level 2 of the Elven Halls)

   [ring of sustain attributes]

   It sustains your strength, intelligence and dexterity.
   It affects your intelligence (+9).
   It affects your dexterity (+4).
 u - the ring of Xontuw (left hand) {rN++ Str+2 Dex+3 Slay+6}
   (You found it on level 2 of the Crypt)

   [ring of dexterity]

   It affects your strength (+2).
   It affects your dexterity (+3).
   It affects your accuracy and damage with ranged weapons and melee attacks
   (+6).
   It greatly protects you from negative energy.
 G - the ring "Dackuas" {rC+ rN+ Int+3}
   (You found it on level 6 of the Pits of Slime)

   [ring of positive energy]

   It affects your intelligence (+3).
   It protects you from cold.
   It protects you from negative energy.
 K - the ring of Life {rPois MR+ Str+4 Dex+2}
   (You took it off a minotaur in a labyrinth)

   [ring of protection from magic]

   It affects your strength (+4).
   It affects your dexterity (+2).
   It protects you from poison.
   It affects your resistance to hostile enchantments.
 L - an amulet of regeneration (around neck)
 P - a ring of protection from fire (right hand)
Wands
 E - a wand of disintegration (7/24)
 S - a wand of acid (4/15)
 W - a wand of heal wounds (0/9) {@v2}
 X - a wand of teleportation (4/9) {@v4}
Scrolls
 e - 13 scrolls of teleportation {@r4}
 f - 20 scrolls of identify {@r1}
 h - 2 scrolls of fog
 n - 3 scrolls of summoning
 r - 7 scrolls of recharging
 y - 10 scrolls of fear
 z - 5 scrolls of silence {!r}
 H - 22 scrolls of remove curse {@r2}
 I - 3 scrolls of magic mapping
 M - 3 scrolls of amnesia
 Q - a scroll of enchant weapon
 Y - 3 scrolls of holy word
 Z - 6 scrolls of blinking
Potions
 g - 4 potions of resistance
 i - 18 potions of heal wounds {@q2}
 j - 41 potions of curing {@q1}
 l - 6 potions of agility
 m - 7 potions of haste {@q3}
 p - 2 potions of magic
 q - 4 potions of cancellation
 t - 11 potions of flight
 B - 4 potions of might
 C - 11 potions of brilliance
 N - 2 potions of cure mutation
 U - a potion of invisibility
Miscellaneous
 F - a phantom mirror
Comestibles
 d - 34 bread rations
 s - 11 meat rations
 v - 39 fruits


   Skills:
 - Level 21.0 Fighting
 - Level 10.0(12.7) Short Blades
 - Level 12.9(14.1) Long Blades
 - Level 8.8 Armour
 - Level 18.9 Dodging
 - Level 24.0 Stealth
 - Level 5.5 Shields
 - Level 19.0 Spellcasting
 - Level 3.5 Conjurations
 - Level 13.5 Hexes
 - Level 13.5 Charms
 + Level 16.8 Translocations
 - Level 3.0 Ice Magic
 - Level 12.1 Air Magic
 - Level 11.1 Earth Magic
 - Level 12.0 Invocations
 - Level 12.0 Evocations


You had 4 spell levels left.
You knew the following spells:

 Your Spells              Type           Power        Failure   Level  Hunger
a - Ozocubu's Armour      Chrm/Ice       ######..     1%          3    None
c - Yara's Violent Unrav  Hex/Trmt       ######....   3%          5    None
d - Tukima's Dance        Hex            #######.     1%          3    None
e - Dazzling Spray        Conj/Hex       ######..     1%          3    None
g - Apportation           Tloc           #######...   0%          1    None
h - Haste                 Chrm           #######.     1%          6    ##.....
i - Invisibility          Hex            #######.     1%          6    ##.....
l - Silence               Hex/Air        ######....   1%          5    None
m - Deflect Missiles      Chrm/Air       ######....   1%          6    ##.....
p - Passwall              Trmt/Erth      ######....   1%          3    None
q - Phase Shift           Tloc           #######...   1%          5    None
s - Mass Confusion        Hex            #######...   1%          6    ##.....
v - Regeneration          Chrm/Necr      ######....   1%          3    None
w - Summon Mana Viper     Hex/Summ       ######..     3%          5    None


Dungeon Overview and Level Annotations

Branches:
Dungeon (15/15)            Temple (0/1) D:4            Lair (8/8) D:9
  Swamp (4/4) Lair:3        Snake (4/4) Lair:5        Slime (6/6) Lair:8
    Orc (2/2) D:9             Elf (3/3) Orc:2        Vaults (5/5) D:14
  Crypt (3/3) Vaults:3       Tomb (0/3) Crypt:3      Depths (5/5) D:15
    Zot (0/5) Depths:5

Altars:
Cheibriados
Dithmenos
Elyvilon
Fedhas
Okawaru
Qazlal
Sif Muna
Trog
Xom
Yredelemnul
Zin
Beogh
Jiyva
Lugonu

Shops:
D:14 :   Orc:2 (:*[(   Elf:2 }*[!%   Elf:3 ?   Snake:1 !   Snake:3 (
Vaults:4 [   Vaults:5 }??%}?*}

Portals:
Hell: Depths:1 Depths:2 Depths:3 Depths:4 Depths:5
Abyss: Crypt:1 Depths:1 Depths:4
Pandemonium: Depths:3 Depths:4
Ziggurat: Depths:3

Annotations:
D:9 exclusion: moth of wrath
Elf:2 elec rapier
Elf:3 ?brand weapon : draining qblade in E:f:2...
Crypt:3 exclusion: door
Depths:3 exclusions: lich and 3 more exclusions


Message History

The sun demon barely misses you. You block the red devil's attack.
The infernal warmonger misses you. The orange demon misses you.
The orange demon completely misses you. You block the orange demon's attack.
The balrug hits you with a demon whip of draining.
You are engulfed in flames.
You resist.
Unknown command.
You slash the balrug!
The balrug convulses!
The balrug is moderately wounded.
You block the sun demon's attack. The crimson imp completely misses you.
You block the sun demon's attack. The red devil completely misses you.
Unknown command.
You slash the balrug!
The balrug convulses.
The balrug is heavily wounded.
Your shadow hits the balrug but does no damage.
The infernal warmonger hits you with a demon blade of electrocution!!!
* * * LOW HITPOINT WARNING * * *
You emit a cloud of dark smoke.
You are engulfed in flames.
You resist.
* * * LOW HITPOINT WARNING * * *
The balrug hits you with a demon whip of draining!!
You die...

,,,,,,,,,,,,,***,,,,,***,,,,,,,,,
,,,,,,,,,,,,,,,,,.......,,,,,,,,,
,,,,,,,,,,,,,,,,,.......,,,,,,,,,
,,,,,,,,,,,,,,,,,......,,,,,,,,,,
,,,,,,,,,,,,,,,,,.....,,,,,,,,,,,
*****************...████*******,,


███████ *44.....,∩,,,,,,, █.....███4§.....,*,,,,*,, █.....32@5R.....,*,,,,*,,
█.....§363§.....,*,,,,*,, █...§..§....██..,,,,,,*,, █.........∩.█,,,,,,,,,,,,
█.....███████,,,,,,**,,,, █.....█ ****,,,,,,**,,,, ███████ *,,,,,,,****,,,,
*,,,,**,,,,,,,,, *,,,,,,,,,,,,,,, You could see an infernal warmonger, a balrug,
3 sun demons, 2 orange demons, an efreet, a red devil and a crimson imp.

Vanquished Creatures
  the Royal Jelly (Slime:6)
  2 ancient liches
  Boris (Crypt:2)
  Margery (Crypt:1)
  the Lernaean hydra (Swamp:4)
  The ghost of ALMOSTDEAD the Spry, a veteran KoWr of Jiyva (Depths:3)
  Saint Roka (Orc:2)
  2 pandemonium lords (Pan)
  Jory (Crypt:1)
  A profane servitor (Depths:1)
  4 golden dragons
  Xtahua (Vaults:3)
  7 liches
  3 bone dragons
  A Hellbinder (WizLab)
  2 Brimstone Fiends (Pan)
  A shard shrike skeleton (Crypt:1)
  5 tentacled monstrosities
  An Ice Fiend (Pan)
  2 deep elf master archers (Elf:3)
  7 titans
  Asterion (Snake:2)
  A deep elf blademaster (Elf:2)
  3 sphinxes
  A Shadow Fiend (Pan)
  4 Executioners (Pan)
  4 thorn hunters
  Gastronok (Lair:3)
  3 ancient champions
  Agnes (D:14)
  6 acid blobs
  3 shadow dragons
  6 storm dragons
  Kirke (Swamp:4)
  5 draconian monks (Depths:5)
  8 tengu reavers
  3 revenants
  4 azure jellies
  10 deep elf sorcerers
  13 greater nagas
  14 vault wardens
  13 frost giants
  3 warmongers (Pan)
  13 fire giants
  4 corrupters (Pan)
  11 cacodemons (Pan)
  Aizul (Elf:3)
  An orc warlord (Elf:2)
  A black sun (Pan)
  A caustic shrike zombie (Crypt:2)
  An angel (Abyss:3)
  7 balrugs
  5 deep elf elementalists
  A curse skull (Vaults:3)
  4 iron dragons
  4 war gargoyles (Crypt:3)
  5 reapers
  A draconian annihilator (Depths:5)
  13 ironheart preservers
  24 stone giants
  5 ghouls
  26 very ugly things
  A salamander stormcaller (Vaults:5)
  13 vampire knights
  4 black draconians (Depths:5)
  2 lorocyprocas
  A blood saint (Pan)
  5 green draconians (Depths:5)
  8 deep elf demonologists
  A dire elephant (Abyss:4)
  3 purple draconians (Depths:5)
  3 chaos champions (Pan)
  4 red draconians (Depths:5)
  5 deep elf annihilators
  11 spark wasps
  Snorg (Lair:3)
  3 white draconians
  11 ettins
  2 pearl dragon zombies (Depths:1)
  3 eidola
  9 deep elf death magi
  4 crystal guardians
  2 merfolk javelineers (Depths:4)
  8 green deaths (Pan)
  7 blizzard demons
  2 death oozes (Slime:5)
  3 minotaurs
  27 vault guards
  10 jiangshi
  2 quicksilver dragon zombies
  16 great orbs of eyes
  19 fire dragons
  19 ogre magi
  11 entropy weavers
  7 deep elf high priests
  A quicksilver dragon skeleton (Crypt:2)
  22 yaktaur captains
  6 rakshasas
  21 hydras
  18 naga warriors
  14 centaur warriors
  6 ice dragons
  2 monstrous demonspawn (Pan)
  2 ghost crabs (Swamp:3)
  3 spriggan air magi
  A catoblepas (Lair:8)
  6 anacondas
  6 death knights
  6 alligators
  A satyr (Abyss:4)
  33 dancing weapons
  15 deep troll earth magi
  7 tengu warriors
  12 deep troll shamans
  2 orc high priests
  5 spriggan berserkers
  15 naga sharpshooters
  A titan zombie (Crypt:3)
  17 sun demons
  6 shock serpents
  4 vampire magi
  22 death yaks
  8 soul eaters
  6 thrashing horrors
  7 spriggans
  18 deep elf knights
  A storm dragon zombie (Vaults:3)
  3 hell hogs (Depths:1)
  A shadow wraith (Vaults:1)
  2 salamander mystics
  9 iron trolls
  6 wretched stars
  4 fire crabs
  A fire crab (shapeshifter) (Vaults:2)
  3 spriggan druids
  19 hell knights
  17 skeletal warriors
  A ghost moth zombie (Crypt:3)
  A sea snake (shapeshifter) (Vaults:5)
  2 unseen horrors
  2 spatial maelstroms
  A storm dragon skeleton (Vaults:4)
  2 giant orange brains (shapeshifter) (Vaults:5)
  6 giant orange brains
  A shadow demon (Pan)
  4 wizards
  5 death drakes (Depths:5)
  2 gelid demonspawn (Pan)
  3 shambling mangroves
  An unseen horror (shapeshifter) (Depths:2)
  A swamp dragon (shapeshifter) (Vaults:5)
  3 infernal demonspawn (Pan)
  5 naga ritualists
  26 deep trolls
  7 hill giants
  3 lindwurms (Depths:5)
  A sea snake (Snake:3)
  13 deep elf archers
  14 swamp dragons
  20 ironbrand convokers
  A lindwurm (shapeshifter) (Vaults:5)
  6 flayed ghosts
  4 putrid demonspawn (Pan)
  4 harpies (Vaults:3)
  8 starcursed masses
  A wolf spider zombie (D:14)
  An anubis guard (shapeshifter) (Vaults:5)
  An obsidian statue (Snake:2)
  6 phantasmal warriors
  An iron dragon zombie (Crypt:3)
  10 torturous demonspawn (Pan)
  18 necromancers
  28 orc knights
  A sphinx zombie (Vaults:3)
  2 shadow dragon zombies (Crypt:3)
  2 orb spiders (shapeshifter)
  A hill giant (shapeshifter) (Vaults:4)
  2 shining eyes
  2 fire giant zombies
  3 frost giant zombies
  6 hornets
  73 deep elf magi
  10 salamanders
  A shining eye (shapeshifter) (Vaults:5)
  A hornet (shapeshifter) (Depths:4)
  7 orc sorcerers
  3 griffons
  8 cyclopes
  9 mana vipers
  A water nymph (shapeshifter) (Vaults:5)
  6 wolf spiders
  57 ugly things
  2 manticores (shapeshifter)
  A manticore (D:12)
  3 worldbinders (Abyss:4)
  12 sixfirhies
  3 human skeletons
  4 eyes of devastation
  4 rust devils
  12 vault sentinels
  A dire elephant zombie (Crypt:3)
  10 guardian serpents
  A stone giant skeleton (Vaults:2)
  18 elephants
  2 molten gargoyles (Volcano)
  Psyche (D:11)
  A shock serpent zombie (Abyss:4)
  27 naga magi
  4 apis skeletons (Depths:1)
  10 orange demons
  A storm dragon simulacrum (Crypt:2)
  A grey draconian zombie (Crypt:1)
  10 spiny frogs
  32 black mambas
  A torpor snail (Lair:3)
  2 gargoyles (D:12)
  12 smoke demons
  A mottled draconian zombie (Crypt:2)
  A komodo dragon (shapeshifter) (Depths:2)
  A hellion (Abyss:3)
  A red draconian zombie (Crypt:1)
  15 komodo dragons
  2 kobold demonologists
  2 efreet
  3 demonic crawlers (Pan)
  3 hellwings
  A dire elephant skeleton (Crypt:2)
  77 yaktaurs
  6 ice devils
  A red draconian skeleton (Crypt:2)
  A troll (shapeshifter) (Depths:1)
  2 ancient zymes (Abyss:4)
  An iron troll zombie (Crypt:1)
  3 tormentors (Pan)
  A sea snake skeleton (Crypt:2)
  20 freezing wraiths
  9 polar bears
  10 red devils
  3 tengu conjurers
  3 fire drakes (Lair:8)
  3 queen bees (shapeshifter)
  12 blink frogs
  4 jumping spiders
  A wolf spider simulacrum (IceCv)
  3 giant leeches
  13 trolls
  A wind drake (Depths:5)
  A yaktaur skeleton (Vaults:2)
  A wind drake (shapeshifter) (Vaults:4)
  2 polar bears (shapeshifter)
  5 bog bodies
  7 raiju
  2 boulder beetles (shapeshifter) (Vaults:5)
  2 raiju (shapeshifter)
  Prince Ribbit (D:7)
  111 slime creatures
  19 two-headed ogres
  5 boulder beetles
  16 large abominations
  2 ettin zombies
  A fire dragon zombie (Crypt:3)
  24 flying skulls (Crypt:3)
  2 tarantellas (shapeshifter)
  8 wraiths
  14 ynoxinuls
  An ice dragon skeleton (Crypt:2)
  4 shadows
  A tarantella (Depths:2)
  A fire dragon skeleton (Crypt:2)
  22 redbacks
  7 basilisks
  A vampire (D:9)
  83 yaks
  3 fire bats (Orc:2)
  5 wyverns
  4 air elementals
  2 fire elementals (Elf:2)
  The ghost of FIQ the Chopper, an amateur HOFi (D:4)
  2 hogs (Swamp:4)
  7 water elementals
  A death yak simulacrum (IceCv)
  4 golden eyes (Slime:3)
  A golden eye (shapeshifter) (Elf:3)
  13 hippogriffs
  33 vampire mosquitoes
  2 hungry ghosts
  2 steam dragons (Lair:8)
  43 nagas
  17 neqoxecs
  5 chaos spawn
  25 insubstantial wisps
  A soldier ant (shapeshifter) (Depths:2)
  17 wargs
  29 wolves
  A soldier ant (D:13)
  13 water moccasins
  17 swamp worms
  4 hell hounds
  5 mottled dragons
  19 porcupines
  12 ice beasts
  42 orc warriors
  15 black bears
  78 ogres
  17 swamp drakes
  2 eyes of draining
  8 necrophages
  4 phantoms
  6 sky beasts
  An ettin simulacrum (Vaults:1)
  21 boggarts
  18 wasps
  An eye of draining (shapeshifter) (Depths:4)
  40 centaurs
  A snapping turtle skeleton (Crypt:2)
  17 crocodiles
  2 human zombies
  8 big kobolds
  24 giant frogs
  A wyvern zombie (D:9)
  A deep troll simulacrum (Vaults:4)
  A wyvern skeleton (D:12)
  A scorpion (shapeshifter) (Depths:3)
  A water moccasin skeleton (D:12)
  8 scorpions
  5 small abominations (Abyss:4)
  19 killer bees
  A yak skeleton (Crypt:1)
  6 wights
  A wolf zombie (Crypt:1)
  5 electric eels
  10 crimson imps
  A centaur zombie (D:5)
  A draconian simulacrum (IceCv)
  5 giant frog zombies
  18 jellies
  2 lava snakes (Lair:6)
  27 hounds
  23 orc wizards
  3 quasits
  7 centaur skeletons
  28 orc priests
  5 giant frog skeletons
  16 iguanas
  14 worker ants
  A polar bear simulacrum (IceCv)
  4 troll simulacra (IceCv)
  2 spriggan simulacra (IceCv)
  35 sheep
  A wolf simulacrum (IceCv)
  A killer bee zombie (D:9)
  4 centaur simulacra (IceCv)
  A naga zombie (Crypt:2)
  A hound skeleton (D:6)
  18 gnolls
  5 naga simulacra (IceCv)
  77 river rats
  15 adders
  4 ogre simulacra (IceCv)
  5 shadow imps
  12 white imps
  An ufetubus (WizLab)
  2 worms
  An adder skeleton (D:7)
  7 giant geckos
  116 orcs
  3 ball pythons
  25 bats
  12 giant cockroaches
  10 goblins
  8 hobgoblins
  19 jackals
  10 quokkas
  A river rat zombie (Crypt:2)
  A ball python skeleton (D:4)
  A ball python zombie (Crypt:1)
  A giant gecko skeleton (D:5)
  13 giant newts
  A goblin skeleton (Crypt:2)
  36 kobolds
  An orc skeleton (Crypt:1)
  A quokka skeleton (D:9)
  A quokka zombie (D:7)
  21 rats
  2 crawling corpses (Elf:2)
  A fungus (Lair:5)
  A lost soul (Crypt:1)
3283 creatures vanquished.

Vanquished Creatures (collateral kills)
  A profane servitor (Abyss:4)
  An Ice Fiend (Pan)
  A tentacled monstrosity (Pan)
  A titan (Vaults:5)
  2 sphinxes
  2 shadow dragons (Vaults:5)
  2 tengu reavers
  An azure jelly (Slime:1)
  2 greater nagas
  4 vault wardens
  A warmonger (Pan)
  A draconian shifter (Depths:5)
  5 ironheart preservers
  3 reapers (Pan)
  A war gargoyle (Vaults:5)
  A black sun (Pan)
  2 vampire knights
  A green death (Pan)
  An eidolon (Crypt:2)
  An ettin (Depths:4)
  A vault guard (Vaults:1)
  A fire dragon (Vaults:4)
  A jiangshi (Crypt:1)
  A naga warrior (Snake:2)
  2 ogre magi
  3 vampire magi
  2 thrashing horrors (Abyss:4)
  A naga sharpshooter (Snake:4)
  A storm dragon zombie (Abyss:4)
  A hell knight (Depths:4)
  A soul eater (Pan)
  A wretched star (Abyss:4)
  2 skeletal warriors (Crypt:3)
  2 deep trolls
  2 putrid demonspawn (Pan)
  A gelid demonspawn (Pan)
  A phantasmal warrior (Crypt:1)
  2 hill giants
  2 torturous demonspawn (Pan)
  A human zombie (Vaults:4)
  An orc knight (Orc:2)
  An orc sorcerer (Orc:2)
  A shining eye (Slime:2)
  A sixfirhy (Pan)
  A worldbinder (Abyss:3)
  2 black mambas (Snake:4)
  A naga mage (Snake:4)
  2 vault sentinels (Vaults:4)
  3 orange demons (Pan)
  A dire elephant skeleton (Abyss:3)
  A smoke demon (Abyss:3)
  4 hellwings (Pan)
  4 yaktaurs
  A jumping spider (Vaults:4)
  A red devil (Pan)
  A freezing wraith (Vaults:5)
  A bog body (Crypt:1)
  3 two-headed ogres
  4 raiju
  A small abomination (Abyss:3)
  A ynoxinul (Pan)
  A shadow (Crypt:1)
  2 redbacks
  6 large abominations
  A chaos spawn (Pan)
  4 neqoxecs (Pan)
  A warg (Orc:2)
  2 nagas (Snake:4)
  A spatial vortex (Abyss:3)
  8 orc warriors
  7 ogres
  A giant frog (D:8)
  3 wights (D:10)
  2 starcursed masses
  A two-headed ogre zombie (Crypt:1)
  2 orc wizards
  A mottled dragon zombie (Crypt:1)
  6 gnolls (D:6)
  11 orcs
  A kobold (Crypt:1)
160 creatures vanquished.

Vanquished Creatures (others)
  A blood saint (Pan)
  A deep elf annihilator (Elf:3)
  A deep elf high priest (Elf:3)
  17 dancing weapons
  A deep troll earth mage (Depths:1)
  A deep troll shaman (Depths:2)
  A death drake (Depths:5)
  A deep elf mage (Elf:1)
  A smoke demon (Pan)
  A slime creature (Vaults:1)
  2 humans (Swamp:4)
  A chaos spawn (Pan)
  A hell hound (Abyss:4)
  A small abomination (Abyss:3)
  2 ogres
  A boggart (Depths:4)
  An orc wizard (Orc:2)
  A white imp (IceCv)
  An ufetubus (Abyss:4)
  2 orcs
  A quokka (D:6)
  27 fungi
  6 lost souls
  A lurking horror (Abyss:3)
  20 plants
94 creatures vanquished.

Grand Total: 3537 creatures vanquished

Notes
Turn   | Place    | Note
--------------------------------------------------------------
     0 | D:1      | LETSDOELF the High Elf Enchanter began the quest for the Orb.
     0 | D:1      | Reached XP level 1. HP: 11/11 MP: 4/4
   540 | D:1      | Reached XP level 2. HP: 13/17 MP: 4/6
   551 | D:1      | Learned a level 2 spell: Ensorcelled Hibernation
  1125 | D:1      | Reached XP level 3. HP: 7/21 MP: 0/7
  2096 | D:2      | Reached skill level 4 in Stealth
  2244 | D:2      | Found a shadowy altar of Dithmenos.
  2320 | D:2      | Became a worshipper of Dithmenos the Shadowed
  2429 | D:2      | Learned a level 3 spell: Confuse
  2908 | D:2      | Reached XP level 4. HP: 27/27 MP: 6/8
  3776 | D:3      | Found a glowing drain.
  3820 | Sewer    | Entered a sewer
  4180 | Sewer    | Reached * piety under Dithmenos
  4993 | D:3      | Reached XP level 5. HP: 31/31 MP: 9/9
  5260 | D:3      | Reached skill level 5 in Stealth
  5429 | D:3      | Reached skill level 5 in Short Blades
  5557 | D:4      | Noticed FIQ's ghost (amateur HOFi)
  6301 | D:4      | Killed FIQ's ghost
  6301 | D:4      | Reached skill level 6 in Short Blades
  6301 | D:4      | Reached XP level 6. HP: 36/36 MP: 1/10
  6453 | D:3      | Learned a level 3 spell: Tukima's Dance
  6644 | D:3      | Reached skill level 1 in Ice Magic
  6804 | D:4      | Reached XP level 7. HP: 37/41 MP: 1/12
  6924 | D:4      | Found a blossoming altar of Fedhas.
  6979 | D:4      | Learned a level 3 spell: Dazzling Spray
  7120 | D:4      | Found a staircase to the Ecumenical Temple.
  7398 | D:4      | Reached ** piety under Dithmenos
  7709 | D:5      | Entered Level 5 of the Dungeon
  8035 | D:5      | Reached skill level 5 in Hexes
  8531 | D:5      | Found a stormy altar of Qazlal.
  8541 | D:5      | Found a shimmering altar of Xom.
  8637 | D:5      | Noticed a hill giant
  8714 | D:5      | Reached XP level 8. HP: 46/46 MP: 15/15
  8886 | D:5      | Reached skill level 1 in Conjurations
  9033 | D:5      | Killed a hill giant
  9126 | D:5      | Reached skill level 1 in Fighting
  9714 | D:6      | Found a white marble altar of Elyvilon.
  9837 | D:5      | Found an iron altar of Okawaru.
 10124 | D:6      | Reached *** piety under Dithmenos
 10244 | D:6      | Reached XP level 9. HP: 57/57 MP: 12/16
 10614 | D:6      | Reached skill level 5 in Dodging
 10996 | D:7      | Noticed Prince Ribbit
 11006 | D:7      | Killed Prince Ribbit
 11724 | D:7      | Found a deep blue altar of Sif Muna.
 11748 | D:7      | Reached skill level 7 in Stealth
 11993 | D:8      | Reached skill level 8 in Stealth
 13088 | D:8      | Reached XP level 10. HP: 65/65 MP: 10/17
 13177 | D:8      | Reached skill level 9 in Short Blades
 13307 | D:8      | Noticed a centaur warrior
 13572 | D:8      | Found a snail-covered altar of Cheibriados.
 13816 | D:8      | Killed a centaur warrior
 13816 | D:8      | Reached skill level 10 in Short Blades
 13816 | D:8      | Reached skill level 10 in Stealth
 13869 | D:8      | Reached skill level 5 in Fighting
 13917 | D:8      | Noticed a two-headed hydra
 13921 | D:8      | Killed a two-headed hydra
 13921 | D:8      | Reached skill level 5 in Spellcasting
 13969 | D:9      | Found a stormy altar of Qazlal.
 14151 | D:9      | Learned a level 6 spell: Invisibility
 14726 | D:9      | Reached **** piety under Dithmenos
 14793 | D:9      | Found a staircase to the Lair.
 14915 | D:9      | Reached XP level 11. HP: 72/72 MP: 15/19
 15100 | D:9      | Found a bloodstained altar of Trog.
 15319 | D:9      | Found a staircase to the Orcish Mines.
 15996 | D:10     | Entered Level 10 of the Dungeon
 17150 | D:10     | Reached skill level 10 in Hexes
 17612 | D:10     | Reached ***** piety under Dithmenos
 17995 | D:11     | Noticed a purple ugly thing
 18000 | D:11     | Killed a purple ugly thing
 18025 | D:11     | Noticed a hill giant
 18030 | D:11     | Killed a hill giant
 18167 | D:10     | Reached skill level 11 in Hexes
 18225 | D:11     | Noticed Psyche
 18237 | D:11     | Killed Psyche
 18450 | D:11     | Noticed a brown ugly thing
 18459 | D:11     | Killed a brown ugly thing
 19629 | D:12     | Reached skill level 12 in Hexes
 19629 | D:12     | Reached XP level 12. HP: 79/79 MP: 23/23
 19975 | D:12     | Reached skill level 13 in Hexes
 20877 | D:12     | Reached skill level 1 in Shields
 21757 | D:12     | Noticed a tengu warrior
 21759 | D:12     | Killed a tengu warrior
 21856 | D:12     | Reached XP level 13. HP: 88/88 MP: 26/26
 22169 | Orc:1    | Entered Level 1 of the Orcish Mines
 22169 | Orc:1    | Found a roughly hewn altar of Beogh.
 22190 | Orc:1    | Learned a level 1 spell: Apportation
 22365 | Orc:1    | Reached ****** piety under Dithmenos
 22550 | Orc:2    | Entered Level 2 of the Orcish Mines
 22844 | Orc:2    | Found a roughly hewn altar of Beogh.
 22845 | Orc:2    | Noticed Saint Roka
 22848 | Orc:2    | Found Exkogami's Antique Armour Emporium.
 22854 | Orc:2    | Found Gyen's Antique Weapon Shoppe.
 22869 | Orc:2    | Found a dark tunnel.
 22880 | Volcano  | Entered a volcano
 23064 | Volcano  | Found a bloodstained altar of Trog.
 23075 | Volcano  | Reached skill level 5 in Shields
 23604 | Orc:2    | Found a staircase to the Elven Halls.
 23755 | Orc:2    | Killed Saint Roka
 23962 | Orc:2    | Reached skill level 10 in Dodging
 24057 | Orc:2    | Found Dotwaamo's General Store.
 24070 | Orc:2    | Bought a potion of brilliance for 60 gold pieces
 24070 | Orc:2    | Bought a scroll of identify for 30 gold pieces
 24075 | Orc:2    | Gained mutation: Your spells are a little harder to cast, but a little more powerful. [potion of beneficial mutation]
 24076 | Orc:2    | Bought a scroll of random uselessness for 15 gold pieces
 24093 | Orc:2    | Found Wocez's Antique Weapon Emporium.
 24165 | Orc:2    | Found Amniave's Book Emporium.
 24414 | Orc:2    | Noticed an ettin
 24422 | Orc:2    | Killed an ettin
 25017 | Orc:2    | Upgraded the game from 0.18-a0-1159-gf481d65 to 0.18-a0-1166-g6e2d2a0
 25073 | Orc:2    | Bought a creamy pearl robe for 125 gold pieces
 25073 | Orc:2    | Bought an ichor-stained robe for 125 gold pieces
 25083 | Orc:2    | Identified the +2 robe of the Chupacabra {rF+ rCorr} (You bought it in a shop on level 2 of the Orcish Mines)
 25096 | Orc:2    | Identified the +0 robe of Dompoji {rC+ Str+6} (You bought it in a shop on level 2 of the Orcish Mines)
 25128 | Orc:2    | Bought a book of Enchantments for 800 gold pieces
 25135 | Orc:2    | Learned a level 6 spell: Haste
 25445 | D:13     | Reached skill level 1 in Charms
 26190 | D:13     | Reached XP level 14. HP: 97/97 MP: 22/27
 27000 | D:14     | Noticed Agnes
 27263 | D:14     | Found Uxe Rownit's Book Shoppe.
 27279 | D:14     | Bought a book of Minor Magic for 360 gold pieces
 27282 | D:14     | Learned a level 2 spell: Repel Missiles
 27328 | D:14     | Found a gate to the Vaults.
 27563 | D:14     | Reached skill level 5 in Charms
 27802 | D:14     | Killed Agnes
 28352 | D:15     | Entered Level 15 of the Dungeon
 28450 | D:15     | Found a staircase to the Depths.
 28638 | D:15     | Reached skill level 10 in Fighting
 29494 | Elf:1    | Entered Level 1 of the Elven Halls
 29645 | Elf:1    | Reached skill level 10 in Spellcasting
 29956 | Elf:3    | Entered Level 3 of the Elven Halls
 29981 | Elf:2    | Found Otodwuri's Gadget Shop.
 29981 | Elf:2    | Found Qicvuvak's General Store.
 30008 | Elf:2    | Found Sinkausi's Distillery.
 30021 | Elf:2    | Bought a potion of heal wounds for 60 gold pieces
 30021 | Elf:2    | Bought a potion of mutation for 30 gold pieces
 30021 | Elf:2    | Bought a potion of lignification for 36 gold pieces
 30021 | Elf:2    | Bought a potion of ambrosia for 96 gold pieces
 30021 | Elf:2    | Bought a potion of berserk rage for 60 gold pieces
 30042 | Elf:2    | Found Kewucuats's Food Shoppe.
 30059 | Elf:2    | Found Ommued's Armour Shoppe.
 30065 | Elf:2    | Got a flickering wooden ring
 30067 | Elf:2    | Identified the ring of the Failed Coup {SustAt Int+9 Dex+4} (You found it on level 2 of the Elven Halls)
 30239 | Lair:1   | Entered Level 1 of the Lair of Beasts
 30240 | Lair:1   | Found a frozen archway.
 30249 | IceCv    | Entered an ice cave
 30501 | IceCv    | Reached skill level 10 in Charms
 30610 | IceCv    | Found an ancient bone altar of Kikubaaqudgha.
 31051 | IceCv    | Reached skill level 1 in Air Magic
 31092 | IceCv    | Learned a level 3 spell: Ozocubu's Armour
 31253 | IceCv    | Reached XP level 15. HP: 104/104 MP: 24/30
 32434 | Lair:2   | Found a labyrinth entrance.
 32443 | Lab      | Entered a labyrinth
 32573 | Lab      | Got a wavering lead ring
 32575 | Lab      | Identified the ring of Life {rPois MR+ Str+4 Dex+2} (You took it off a minotaur in a labyrinth)
 33700 | Lair:3   | Found a staircase to the Swamp.
 33829 | Lair:3   | Noticed Gastronok
 33844 | Lair:3   | Killed Gastronok
 34204 | Lair:3   | Noticed Snorg
 34211 | Lair:3   | Killed Snorg
 35719 | Lair:5   | Found a staircase to the Snake Pit.
 35804 | Lair:5   | Reached skill level 5 in Air Magic
 37543 | Lair:7   | Reached XP level 16. HP: 110/110 MP: 30/32
 37932 | Lair:8   | Entered Level 8 of the Lair of Beasts
 38169 | Lair:8   | Found a staircase to the Slime Pits.
 38170 | Lair:8   | Found a viscous altar of Jiyva.
 39827 | Lair:8   | Got a bone quick blade
 39828 | Lair:8   | Identified the +10 quick blade "Jerchuatu" {venom, Str+2 SInv} (You found it on level 8 of the Lair of Beasts)
 40172 | Lair:1   | Learned a level 6 spell: Deflect Missiles
 40581 | Swamp:1  | Entered Level 1 of the Swamp
 40697 | Swamp:1  | Learned a level 6 spell: Mass Confusion
 40731 | Swamp:1  | Found a glowing silver altar of Zin.
 41115 | Swamp:1  | Noticed a thorn hunter
 41134 | Swamp:1  | Killed a thorn hunter
 42110 | Swamp:2  | Noticed a thorn hunter
 42130 | Swamp:2  | Killed a thorn hunter
 42318 | Swamp:2  | Noticed a thorn hunter
 42339 | Swamp:2  | Killed a thorn hunter
 42339 | Swamp:2  | Reached skill level 10 in Air Magic
 42450 | Swamp:2  | Got a faintly humming ring mail
 42451 | Swamp:2  | Identified the +1 ring mail of the Shoals {MP-9 Str+4 Int+3} (You found it on level 2 of the Swamp)
 43275 | Swamp:3  | Noticed a thorn hunter
 43313 | Swamp:3  | Killed a thorn hunter
 43313 | Swamp:3  | Reached XP level 17. HP: 88/116 MP: 26/34
 43959 | Swamp:4  | Entered Level 4 of the Swamp
 45005 | Swamp:4  | Noticed Kirke
 45009 | Swamp:4  | Killed Kirke
 45033 | Swamp:4  | Kramin: Hi
 45033 | Swamp:4  | hi
 45260 | Swamp:4  | Kramin: invis is pretty sweet in swamp
 45260 | Swamp:4  | yeah
 45263 | Swamp:4  | what do we need to train?
 45267 | Swamp:4  | Kramin: tloc? phase shift and later cblink?
 45272 | Swamp:4  | Reached skill level 1 in Translocations
 45311 | Swamp:4  | Noticed the 27-headed Lernaean hydra
 45314 | Swamp:4  | Killed the 27-headed Lernaean hydra
 45427 | Swamp:4  | Reached skill level 5 in Translocations
 45430 | Swamp:4  | Kramin: where's mister lerny
 45430 | Swamp:4  | somewhere inside
 45723 | Swamp:4  | Got a decaying rune of Zot
 45765 | Swamp:4  | should i kill lerny?
 45774 | Swamp:4  | Kramin: YES
 46079 | Swamp:4  | hmm
 46325 | Swamp:4  | wait a minute
 46326 | Swamp:4  | did i kill it already?
 46326 | Swamp:4  | ha
 46327 | Swamp:4  | Kramin: 2ez
 46327 | Swamp:4  | mass confuse ftw
 46327 | Swamp:4  | i guess i'm done here
 46328 | Swamp:4  | Upgraded the game from 0.18-a0-1166-g6e2d2a0 to 0.18-a0-1179-g120c792
 46492 | Snake:1  | Entered Level 1 of the Snake Pit
 46730 | Snake:1  | Found Umnuny's Distillery.
 46738 | Snake:1  | Bought a potion of curing for 42 gold pieces
 46738 | Snake:1  | Bought a potion of heal wounds for 70 gold pieces
 46738 | Snake:1  | Bought a potion of heal wounds for 70 gold pieces
 46738 | Snake:1  | Bought a potion of curing for 42 gold pieces
 46738 | Snake:1  | Bought a potion of curing for 42 gold pieces
 46738 | Snake:1  | Bought a potion of curing for 42 gold pieces
 46738 | Snake:1  | Bought 2 potions of heal wounds for 140 gold pieces
 46738 | Snake:1  | Bought a potion of heal wounds for 70 gold pieces
 47719 | Snake:2  | Reached skill level 14 in Stealth
 47742 | Snake:2  | Found a gateway to a bazaar.
 47812 | Snake:2  | Identified a scroll of acquirement
 47930 | Snake:2  | Noticed Asterion
 47956 | Snake:2  | Killed Asterion
 48725 | Snake:2  | Reached XP level 18. HP: 115/122 MP: 16/36
 49259 | Snake:3  | Reached skill level 15 in Stealth
 49438 | Snake:3  | Learned a level 5 spell: Phase Shift
 49475 | Snake:3  | Found Ciwo's Antique Weapon Shoppe.
 50378 | Snake:4  | Entered Level 4 of the Snake Pit
 50661 | Snake:4  | Reached skill level 15 in Spellcasting
 51353 | Snake:4  | Reached skill level 16 in Spellcasting
 51760 | Snake:4  | Learned a level 5 spell: Silence
 52216 | Snake:4  | Got a serpentine rune of Zot
 52916 | Elf:3    | Reached XP level 19. HP: 129/129 MP: 40/40
 53032 | Elf:2    | Identified the Papyrus of Dusty Talismans
 53873 | Elf:2    | Found a runed door.
 53893 | Elf:2    | Found a runed door.
 53988 | Elf:2    | Found a roughly hewn altar of Beogh.
 54592 | Elf:2    | Reached skill level 17 in Spellcasting
 54831 | Elf:2    | Lost mutation: Your spells are a little harder to cast, but a little more powerful. [mutagenic glow]
 54964 | Elf:3    | Noticed Aizul
 55027 | Elf:3    | Killed Aizul
 55168 | Elf:3    | Found Itiamp's Magic Scroll Emporium.
 55244 | Elf:3    | Bought a scroll of teleportation for 63 gold pieces
 55244 | Elf:3    | Bought a scroll of magic mapping for 73 gold pieces
 55244 | Elf:3    | Bought a scroll of identify for 42 gold pieces
 55244 | Elf:3    | Bought a scroll of identify for 42 gold pieces
 55244 | Elf:3    | Bought a scroll of identify for 42 gold pieces
 55244 | Elf:3    | Bought a scroll of identify for 42 gold pieces
 55335 | Elf:3    | Got a bloodstained long sword
 55336 | Elf:3    | Identified the +4 long sword "Vaxo" {vamp, rN+ Int+3} (You found it on level 3 of the Elven Halls)
 55415 | Elf:3    | Reached skill level 15 in Dodging
 55698 | Elf:3    | Reached XP level 20. HP: 140/140 MP: 36/42
 56274 | Elf:3    | Got a serpentine pewter ring
 56364 | Elf:3    | Identified the ring of Gofufota {rPois MR+ MP+9} (You took it off a deep elf demonologist on level 3 of the Elven Halls)
 56549 | Elf:3    | Identified Sif Muna's Reference Book on Transformation
 56555 | Elf:3    | Got a brightly glowing glass ring
 56556 | Elf:3    | Identified the ring of Sovereignty {rPois Int+3} (You found it on level 3 of the Elven Halls)
 56562 | Elf:3    | Identified the Incunabulum of the Mutagenic Blaze
 56569 | Elf:3    | Got a smoking scale mail
 56570 | Elf:3    | Identified the cursed +1 scale mail of Raustosm {+Fly rN+ Str-5 Int+3} (You found it on level 3 of the Elven Halls)
 56651 | Elf:3    | Upgraded the game from 0.18-a0-1179-g120c792 to 0.18-a0-1185-g2fe3d93
 57200 | Lair:8   | Learned a level 5 spell: Yara's Violent Unravelling
 57534 | Elf:3    | Reached skill level 1 in Long Blades
 57640 | Elf:2    | Gained mutation: Armour fits poorly on your strangely shaped body. [you]
 57931 | Vaults:1 | Entered Level 1 of the Vaults
 58647 | Vaults:1 | Reached skill level 5 in Long Blades
 61035 | Vaults:2 | Found an iron altar of Okawaru.
 61229 | Vaults:3 | Found a staircase to the Crypt.
 61260 | Vaults:3 | Reached XP level 21. HP: 149/149 MP: 20/43
 61729 | Vaults:3 | Reached skill level 10 in Long Blades
 61846 | Vaults:3 | Noticed Xtahua
 61871 | Vaults:3 | Killed Xtahua
 62281 | Vaults:3 | Got a warped iron amulet
 63424 | Vaults:4 | Learned a level 5 spell: Summon Mana Viper
 63437 | Vaults:4 | Found Joamaq's Armour Boutique.
 63749 | Vaults:4 | Reached skill level 15 in Fighting
 64377 | Vaults:4 | Reached skill level 1 in Armour
 64952 | Vaults:4 | Got a pitted granite ring
 65532 | Vaults:4 | Found a snail-covered altar of Cheibriados.
 65829 | Vaults:3 | Reached XP level 22. HP: 158/158 MP: 31/44
 65860 | Crypt:1  | Entered Level 1 of the Crypt
 66041 | Crypt:1  | Noticed Margery
 66184 | Crypt:1  | Killed Margery
 66703 | Crypt:1  | Got a steaming scale mail
 66718 | Crypt:1  | Found a corrupted altar of Lugonu.
 66726 | Crypt:1  | Found a one-way gate to the infinite horrors of the Abyss.
 66785 | Crypt:3  | Entered Level 3 of the Crypt
 66890 | Crypt:2  | Found a magical portal.
 67107 | D:14     | Identified the cursed +1 scale mail "Ceeh" {+Inv} (You took it off a kobold on level 1 of the Crypt)
 67109 | D:14     | Identified the amulet of Mysticism {Gourm rC++ Int+3} (You found it on level 3 of the Vaults)
 67111 | D:14     | Identified the ring "Uzapa" {Wiz rElec Dex+3 Stlth-} (You found it on level 4 of the Vaults)
 67632 | Elf:2    | Gained mutation: You expend magic power (3 MP) to strengthen your wands. [potion of mutation]
 67632 | Elf:2    | Gained mutation: You occasionally shout uncontrollably at your foes. [potion of mutation]
 67934 | Lair:8   | Gained mutation: You sometimes yell uncontrollably at your foes. [potion of mutation]
 67934 | Lair:8   | Gained mutation: Your system is resistant to poisons. [potion of mutation]
 67934 | Lair:8   | Gained mutation: You are weak. (Str -2) [potion of mutation]
 67935 | Lair:8   | Lost mutation: You are weak. (Str -2) [potion of cure mutation]
 67935 | Lair:8   | Lost mutation: Your system is resistant to poisons. [potion of cure mutation]
 67935 | Lair:8   | Lost mutation: Armour fits poorly on your strangely shaped body. [potion of cure mutation]
 67935 | Lair:8   | Lost mutation: You sometimes yell uncontrollably at your foes. [potion of cure mutation]
 67936 | Lair:8   | Lost mutation: You expend magic power (3 MP) to strengthen your wands. [potion of cure mutation]
 67936 | Lair:8   | Lost mutation: You occasionally shout uncontrollably at your foes. [potion of cure mutation]
 68452 | Crypt:1  | Noticed Jory
 68586 | Crypt:1  | Killed Jory
 68806 | Crypt:1  | Reached skill level 18 in Stealth
 69919 | Crypt:2  | Noticed Boris
 69922 | Crypt:2  | Killed Boris
 69946 | Crypt:2  | Reached skill level 1 in Evocations
 69949 | Crypt:2  | Got a fine bone ring
 69952 | Crypt:2  | Identified the ring of Xontuw {rN++ Str+2 Dex+3 Slay+6} (You found it on level 2 of the Crypt)
 70554 | Crypt:3  | Reached skill level 5 in Armour
 70599 | Crypt:3  | Found a staircase to the Tomb.
 70763 | Crypt:3  | Reached skill level 5 in Invocations
 70790 | Crypt:3  | Identified Borgnjor's Papyrus of Stolen Souls
 70800 | Crypt:3  | Got a brightly glowing leather armour
 70801 | Crypt:3  | Identified the +1 leather armour of Wusell {rElec Str+2} (You found it on level 3 of the Crypt)
 71253 | Crypt:3  | Reached XP level 23. HP: 165/165 MP: 45/45
 71358 | Crypt:3  | Reached skill level 5 in Evocations
 71417 | Crypt:3  | Found a shimmering altar of Xom.
 71417 | Crypt:3  | Noticed an ancient lich
 71429 | Crypt:3  | Killed an ancient lich
 71520 | Crypt:3  | Got a fine marble ring
 71522 | Crypt:3  | Identified the ring of Spontaneous Combustion {*Drain rPois rC+ rN+ Stlth+} (You found it on level 3 of the Crypt)
 71525 | Crypt:3  | Got a steaming amber ring
 71526 | Crypt:3  | Identified the ring of Erumam {rN+ Str+3} (You found it on level 3 of the Crypt)
 71530 | Crypt:3  | Got a faintly glowing lead ring
 71531 | Crypt:3  | Identified the ring "Amuomis" {rN+ Str+3 Int+6 SInv} (You found it on level 3 of the Crypt)
 72089 | Bazaar   | Entered a bazaar
 72089 | Bazaar   | Found Raeso's General Store.
 72089 | Bazaar   | Found Ediorch's Book Shoppe.
 72093 | Bazaar   | Found Qadatudd's General Store.
 72102 | Bazaar   | Found Kynoquw's Book Boutique.
 72107 | Bazaar   | Found Usucs's Jewellery Shop.
 72153 | Bazaar   | Bought a Necronomicon for 993 gold pieces
 72164 | Bazaar   | Bought a scroll of fog for 18 gold pieces
 72164 | Bazaar   | Bought a potion of curing for 27 gold pieces
 72171 | Bazaar   | Bought a scroll of acquirement for 572 gold pieces
 72178 | Bazaar   | Bought a manual of Fighting for 1324 gold pieces
 72587 | Depths:1 | Entered Level 1 of the Depths
 73044 | Depths:1 | Found a corrupted altar of Lugonu.
 73329 | Depths:1 | Found a gateway to Hell.
 73711 | Depths:1 | Found a basalt altar of Yredelemnul.
 74506 | Depths:2 | Found a shadowy altar of Dithmenos.
 74549 | Depths:2 | Found a white marble altar of Elyvilon.
 74582 | Depths:2 | Found a shimmering altar of Xom.
 74728 | Depths:3 | Found a gateway to a ziggurat.
 74738 | Depths:3 | Found a one-way gate leading to the halls of Pandemonium.
 74762 | Depths:3 | Reached skill level 19 in Fighting
 75514 | Depths:3 | Noticed ALMOSTDEAD's ghost (veteran KoWr)
 75711 | Depths:3 | Killed ALMOSTDEAD's ghost
 75796 | Depths:3 | Reached skill level 20 in Fighting
 76233 | Depths:3 | Got a faintly glowing scimitar {slice}
 76234 | Depths:3 | Identified the +7 scimitar "Gram" {slice, rElec rN+} (You took it off a yaktaur on level 3 of the Depths)
 77708 | Depths:2 | Reached skill level 21 in Fighting
 77752 | Depths:2 | Reached XP level 24. HP: 176/187 MP: 38/45
 80080 | Depths:4 | Found a magical portal.
 80093 | WizLab   | Entered The Hall of Biwinats the Hellbinder
 80472 | WizLab   | Reached skill level 10 in Invocations
 80742 | WizLab   | Found a burning altar of Makhleb.
 80812 | WizLab   | Identified the Catalogue of the Entourage
 80814 | WizLab   | Identified the Papyrus of Creation
 82393 | Depths:3 | Reached skill level 10 in Evocations
 82779 | Depths:5 | Entered Level 5 of the Depths
 83864 | Depths:4 | Reached XP level 25. HP: 144/192 MP: 30/45
 85872 | Vaults:4 | Bought the +2 cloak of the Thief {+Fog Slay-2 SInv Stlth+} for 826 gold pieces
 87735 | Depths:5 | Found a gate to the Realm of Zot.
 88618 | Depths:5 | Upgraded the game from 0.18-a0-1185-g2fe3d93 to 0.18-a0-1193-gb7aa92a
 89437 | D:14     | Bought a book of Geomancy for 630 gold pieces
 89441 | D:14     | Learned a level 3 spell: Passwall
 89758 | Slime:1  | Entered Level 1 of the Pits of Slime
 89828 | Slime:1  | Reached skill level 1 in Earth Magic
 90375 | Slime:6  | Entered Level 6 of the Pits of Slime
 90553 | Slime:6  | Noticed the Royal Jelly
 90671 | Slime:6  | Found a viscous altar of Jiyva.
 90783 | Slime:6  | Reached XP level 26. HP: 188/199 MP: 46/46
 92162 | Slime:6  | Killed the Royal Jelly
 92179 | Slime:6  | Got a slimy rune of Zot
 92409 | Slime:6  | Got a serpentine amber ring
 92419 | Slime:6  | Identified the ring "Dackuas" {rC+ rN+ Int+3} (You found it on level 6 of the Pits of Slime)
 92659 | D:9      | Upgraded the game from 0.18-a0-1193-gb7aa92a to 0.18-a0-1206-g2bec475
 92659 | D:9      | Upgraded the game from 0.18-a0-1206-g2bec475 to 0.18-a0-1220-g2dc6208
 92955 | Vaults:4 | Reached skill level 5 in Earth Magic
 93050 | Vaults:5 | Entered Level 5 of the Vaults
 93987 | Vaults:5 | Found Uvvoawk's Gadget Boutique.
 93994 | Vaults:5 | Reached skill level 22 in Stealth
 94883 | Vaults:5 | Found Logassesm's Food Shop.
 94892 | Vaults:5 | Found Qyish's Magic Scroll Shoppe.
 94923 | Vaults:5 | Noticed an ancient lich
 94929 | Vaults:5 | Killed an ancient lich
 95056 | Vaults:5 | Found Jusch's Magic Scroll Boutique.
 95266 | Vaults:5 | Got a silver rune of Zot
 95277 | Vaults:5 | Found Yponius's Gadget Shop.
 95349 | Vaults:5 | Reached skill level 23 in Stealth
 95368 | Vaults:5 | Found Jafuores's Magic Scroll Shop.
 95578 | Vaults:5 | Bought a scroll of acquirement for 936 gold pieces
 95582 | Vaults:5 | Found Nupsor's General Store.
 95658 | Vaults:5 | Found Lueryph Ypos's Gadget Shoppe.
 95926 | Vaults:5 | Reached XP level 27. HP: 198/205 MP: 46/46
 96418 | Depths:1 | Reached skill level 10 in Earth Magic
 96450 | Depths:1 | Voluntarily entered the Abyss.
 96463 | Depths:1 | Escaped the Abyss
 96465 | Depths:1 | Voluntarily entered the Abyss.
 96576 | Abyss:1  | Found a corrupted altar of Lugonu.
 96624 | Abyss:1  | Found a corrupted altar of Lugonu.
 96894 | Abyss:3  | Paralysed by accursed screaming for 2 turns
 97747 | Abyss:4  | Paralysed by accursed screaming for 1 turns
 98485 | Abyss:4  | Reached skill level 24 in Stealth
 98490 | Abyss:4  | Got an abyssal rune of Zot
 98552 | Abyss:4  | Found a corrupted altar of Lugonu.
 98576 | Abyss:4  | Found a corrupted altar of Lugonu.
 98636 | Abyss:4  | Found a corrupted altar of Lugonu.
 98826 | Depths:1 | Escaped the Abyss
 99053 | Orc:2    | Bought a book of Battle for 640 gold pieces
 99057 | Orc:2    | Learned a level 3 spell: Regeneration
 99215 | D:14     | Bought a book of Burglary for 1350 gold pieces
 99414 | Depths:3 | Got a faintly glowing hat
 99425 | Depths:3 | Identified the +2 hat of the Equinox {MR+} (You acquired it on level 3 of the Depths)
 99756 | Pan      | Entered Pandemonium
 99962 | Pan      | Found an exit through the horrors of the Abyss.
100289 | Depths:3 | Escaped Pandemonium
100295 | Pan      | Entered Pandemonium
100348 | Pan      | Found an exit through the horrors of the Abyss.
100859 | Pan      | Noticed Bephotz the pandemonium lord
100867 | Pan      | Gained mutation: You are weak. (Str -2) [a neqoxec]
100879 | Pan      | Killed Bephotz the pandemonium lord
100896 | Pan      | Got a demonic rune of Zot
101017 | Pan      | Reached skill level 10 in Translocations
101256 | Pan      | Found an exit through the horrors of the Abyss.
102474 | Pan      | Found an exit through the horrors of the Abyss.
102488 | Pan      | Noticed Gusovuod the pandemonium lord
102488 | Pan      | Killed Gusovuod the pandemonium lord
102531 | Pan      | Found an exit through the horrors of the Abyss.
102903 | Pan      | Noticed Costupu the pandemonium lord
102955 | Pan      | Found an exit through the horrors of the Abyss.
103531 | Pan      | Found an exit through the horrors of the Abyss.
103829 | Pan      | Entered the realm of Mnoleg.
103879 | Pan      | Found an exit through the horrors of the Abyss.
103923 | Pan      | Gained mutation: Your body sometimes deteriorates upon taking damage. [a cacodemon]
104078 | Pan      | Got a slimy robe
104099 | Pan      | Identified the +2 robe of Subjectivity {*Contam *Confuse Str+9 Slay+5} (You found it in Pandemonium)
104125 | Pan      | Noticed Mnoleg
104148 | Pan      | Reached skill level 15 in Translocations
104566 | Pan      | Gained mutation: You expend magic power (3 MP) to strengthen your wands. [a cacodemon]
104775 | Pan      | Got a glowing rune of Zot
104842 | Pan      | Lost mutation: You are weak. (Str -2) [potion of cure mutation]
104842 | Pan      | Lost mutation: Your body sometimes deteriorates upon taking damage. [potion of cure mutation]
104842 | Pan      | Lost mutation: You expend magic power (3 MP) to strengthen your wands. [potion of cure mutation]
105142 | Pan      | Found an exit through the horrors of the Abyss.
105223 | Pan      | Found an exit through the horrors of the Abyss.
105357 | Pan      | Entered the realm of Cerebov.
105358 | Pan      | Found an exit through the horrors of the Abyss.
105418 | Pan      | HP: 9/205 [infernal warmonger/demon blade of electrocution (5)]
105418 | Pan      | Demolished by a balrug

Vault maps used:
D:1:      mushboom_english_gardens
D:2:      corexii_hall_statues_i, minmay_misc_feat_encased,
          grunt_dithmenos_smoke
D:3:      portal_sewer_entry_a
D:4:      lemuel_doored_altar, temple_green, grunt_ministairs_14
D:5:      minmay_opposing_rooms, lemuel_round_altar, old_standard_altar,
          nicolae_overflow_hidden_temple, serial_glass, glass_columns_b,
          glass_columns_b, minmay_strange_pillars, first_bread,
          minmay_stone_trees_small
D:6:      elyvilon_altar_4
D:7:      lemuel_blue_sif_altar, uniq_prince_ribbit1
D:8:      kennysheep_blocky_room, kennysheep_mini_moat, hangedman_ranch
D:9:      nicolae_whirlpool, tgw_trog, grunt_lair_entry_orc_guard_hut,
          basic_altar, st_stairs_4
D:11:     lemuel_flamethrower_1, uniq_psyche
D:12:     minmay_spiral_squares, serial_park_tiny_pond
D:13:     serial_bayou, serial_bayou_ford_a, serial_bayou_pond_d,
          serial_bayou_pond_e, serial_bayou_pond_d
D:14:     david_vaults_1, serial_shops, shop, kennysheep_generic_room_15,
          uniq_agnes
D:15:     hangedman_depths_entry_civil_slaughter, minmay_fountain_box
Lair:1:   portal_ice_cave_entry_pillars_02, beast_lair_carwin_3,
          grunt_megastairs_1, lemuel_fruit_fields
Lair:2:   lab_entry_generic
Lair:3:   swamp_mist_pool, nicolae_quartered_pool_little, uniq_gastronok,
          uniq_snorg
Lair:4:   patterned_corridor
Lair:5:   dummy_snake_entry, serial_bayou_pond_c, roderic_lost_polar_bear
Lair:6:   disabler_island
Lair:7:   nicolae_lair_grove_arrangements, grunt_forest_small_clearing_treed
Lair:8:   guppyfry_lair_end_dragon, hangedman_lair_caniforms_friends,
          slime_altar_1, grunt_megastairs_4, lemuel_fruit_fields
Swamp:1:  basic_altar, swamp_pool3
Swamp:2:  evilmike_swamp_ruin_house_4
Swamp:3:  evilmike_swamp_ruin_rubble_1
Swamp:4:  swamp_old_school, swamp_pool3, uniq_kirke
Snake:1:  serial_shops, shop
Snake:2:  serial_shops, statue_bzr, nicolae_snake_linked_coils, uniq_asterion
Snake:3:  nicolae_aizul_guard, serial_shops, shop, serial_bayou_shore_a
Snake:4:  snake_pit
Slime:1:  cheibrodos_slime_lost_civilization_6
Slime:3:  uniq_dissolution
Slime:4:  basic_altar, cheibrodos_slime_lost_civilization_5
Orc:1:    basic_altar
Orc:2:    grunt_orc_cross, serial_shops, shop, nicolae_volcano_entry_batcave,
          abandoned_shop
Elf:1:    elf_arrival_001, minivault_28
Elf:2:    serial_shops, shop_fountains, shop, shop, shop, shop, special_room,
          nrook_uturn, nicolae_elf_m_pinch
Elf:3:    minmay_elf_hall_quartered_circle, serial_shops, shop, uniq_aizul
Vaults:1: v_misc_2, v_alt_pattern_6, v_alt_pattern_6,
          nicolae_vaults_yaktaur_gun_rack, vaults_room_corners
Vaults:2: vaults_room_fours, vaults_standard_mumra_x,
          nicolae_vaults_little_squares_3, vaults_room_pools,
          ontoclasm_vaults_pinch, vaults_mumra_chevron,
          vaults_standard_mumra_lines, nicolae_vaults_quartermaster,
          ontoclasm_vaults_twist, vaults_mumra_lcd, hangedman_vaults_capsules,
          basic_altar, uniq_saint_roka
Vaults:3: minmay_crypt_entry_simple_corners, ontoclasm_vaults_idyll, v_misc_10,
          v_misc_23, ontoclasm_vaults_claustrophobia, nicolae_vaults_alarming,
          vaults_room_pools, vaults_room_pool, nicolae_vaults_little_squares_1,
          ontoclasm_vaults_ligature, ontoclasm_vaults_decontamination,
          dpeg_vaults_monster_box, uniq_xtahua
Vaults:4: v_misc_17, nicolae_vaults_hallways_thing, st_star, vaults_dpeg_doors,
          hangedman_vaults_trim, vaults_mumra_minichess_inversion,
          ontoclasm_vaults_spin, ontoclasm_vaults_eye, nicolae_vaults_rhombus_5,
          v_misc_9, nicolae_vaults_sealed_display, v_misc_14, v_misc_24,
          vaults_dpeg_diagonal, nicolae_vaults_little_squares_4,
          vaults_room_semicircle, serial_shops, shop, basic_altar
Crypt:1:  due_chaos_kobolds, feat_on_display, uniq_jory, uniq_margery
Crypt:2:  mu_enter_wizlab_3, weyrava_lich_vault
Crypt:3:  cryptofortress_bobbens
Depths:1: abyss_entry_flame_altar, hangedman_coc_ice_floe,
          minmay_misc_feat_rows, hangedman_blasphemy
Depths:2: hangedman_slaughterboxes, hell_entry
Depths:3: fort_yaktaur, enter_ziggurat_c, pan_entry,
          serial_sigils_hangedman_snap, hell_entry,
          infiniplex_staircase_pool_lava
Depths:4: grunt_deathspiral_large, pan_entry, hell_entry,
          hangedman_abyss_entry_splay, minmay_misc_feat_chi, mu_enter_wizlab_6
Depths:5: lemuel_castle_with_subvaults, hell_entry, nicolae_two_hexagons
Abyss:1:  hangedman_decor_lopped
Abyss:2:  evilmike_abyss_exit_6
Abyss:4:  hangedman_abyss_rune_flesh_and_stone
Pan:      evilmike_mini_pan_branches, evilmike_mini_pan_V,
          pan_blood_fountain_small, nicolae_pan_strange_glyphs, rand_demon_9,
          evilmike_mini_pan_corner, evilmike_mini_pan_diamond,
          pan_blood_fountain_2, rand_demon_3, nicolae_pan_mnolegish_2,
          lemuel_hall_of_pain, nicolae_pan_giant_door, grunt_pan_sceptre,
          evilmike_mini_pan_T, nicolae_pan_sigil_nadil, rand_demon_8,
          pan_blood_fountain_small, nicolae_pan_mnolegish_1,
          lemuel_hellion_island, pan_blood_fountain_small, rand_demon_8,
          pan_blood_fountain, nicolae_pan_sigil_obb, evilmike_mini_pan_pillars,
          grunt_pan_in_and_out, evilmike_mini_pan_T, pan_blood_fountain,
          evilmike_mini_pan_T, pan_blood_fountain, nicolae_pan_diamonds,
          nicolae_pan_sigil_itan, grunt_pan_frozen_over, nicolae_pan_hourglass,
          lemuel_draining_boxes, pan_blood_fountain, evilmike_mini_pan_corridor,
          nicolae_pan_cerebovesque_1, nicolae_pan_sigil_uleosi, mnoleg_grunt,
          evilmike_mini_pan_branches, evilmike_mini_pan_V,
          nicolae_pan_sick_transit, evilmike_mini_pan_V, cerebov_st,
          pan_blood_fountain
Lab:      labyrinth_spiral, nicolae_lab_quarters, labyrinth_fake_exit,
          nicolae_lab_flowing_pool, nicolae_lab_x
Bazaar:   bazaar_kb_twisted_cavern
Sewer:    sewer_fruit_machine
IceCv:    ice_cave_small_necro
Volcano:  volcano_lake
WizLab:   wizlab_demon

Action                   |  1- 3 |  4- 6 |  7- 9 | 10-12 | 13-15 | 16-18 | 19-21 | 22-24 | 25-27 || total
-------------------------+-------+-------+-------+-------+-------+-------+-------+-------+-------++-------
Melee: Dagger            |   145 |   160 |   422 |   533 |  1190 |   426 |       |       |       ||  2876
       Short sword       |       |     9 |       |       |       |       |       |       |       ||     9
       Trident           |       |       |     6 |       |       |       |       |       |       ||     6
       Whip              |       |       |       |     2 |       |       |       |       |       ||     2
       Quick blade       |       |       |       |       |       |  1787 |  2363 |  2425 |  3174 ||  9749
       Eudemon blade     |       |       |       |       |       |       |    82 |   567 |   533 ||  1182
 Fire: Blowgun           |       |       |       |    13 |       |       |       |       |       ||    13
Throw: Stone             |    48 |    40 |    36 |     8 |     1 |    14 |     1 |       |       ||   148
       Throwing net      |       |       |       |       |       |       |       |     1 |       ||     1
 Cast: Corona            |    25 |     6 |     4 |     4 |     7 |       |       |       |       ||    46
       Ensorcelled Hiber |     8 |    34 |    46 |    96 |   154 |   169 |     3 |       |       ||   510
       Confuse           |       |     3 |    24 |    41 |    58 |    79 |     1 |       |       ||   206
       Tukima's Dance    |       |       |    12 |    14 |    14 |    43 |    27 |    57 |    38 ||   205
       Dazzling Spray    |       |       |     1 |     4 |    84 |    53 |     2 |       |     4 ||   148
       Invisibility      |       |       |       |     6 |    33 |    11 |    21 |    11 |    10 ||    92
       Repel Missiles    |       |       |       |       |     2 |       |       |       |       ||     2
       Ozocubu's Armour  |       |       |       |       |     1 |    21 |    12 |    81 |    69 ||   184
       Mass Confusion    |       |       |       |       |       |    36 |    84 |    34 |    79 ||   233
       Deflect Missiles  |       |       |       |       |       |    11 |     3 |     3 |     5 ||    22
       Haste             |       |       |       |       |       |     3 |       |     5 |    15 ||    23
       Apportation       |       |       |       |       |       |     1 |     1 |       |    12 ||    14
       Phase Shift       |       |       |       |       |       |     4 |    15 |    68 |    59 ||   146
       Silence           |       |       |       |       |       |       |    11 |     3 |     2 ||    16
       Yara's Violent Un |       |       |       |       |       |       |     1 |     4 |       ||     5
       Summon Mana Viper |       |       |       |       |       |       |    34 |    28 |   133 ||   195
       Passwall          |       |       |       |       |       |       |       |       |     8 ||     8
       Regeneration      |       |       |       |       |       |       |       |       |    41 ||    41
Invok: Shadow Step       |       |       |       |     2 |     4 |     7 |       |    16 |    16 ||    45
       Shadow Form       |       |       |       |       |       |       |       |       |     1 ||     1
 Abil: Evoke Fog         |       |       |       |       |       |       |       |       |    46 ||    46
       End Transformatio |       |       |       |       |       |       |       |       |     1 ||     1
Evoke: Wand              |       |       |       |       |       |       |     3 |       |    15 ||    18
  Use: Scroll            |     2 |     4 |    11 |     7 |    16 |     8 |     6 |    19 |    28 ||   101
       Potion            |       |       |       |       |     2 |     1 |     3 |     4 |     2 ||    12
 Stab: Sleeping          |    13 |    22 |    59 |   142 |   271 |   182 |   145 |   115 |   139 ||  1088
       Confused          |       |     4 |    18 |    29 |    46 |    92 |    90 |    22 |    83 ||   384
       Distracted        |       |       |     1 |     6 |     4 |    28 |    29 |    43 |    71 ||   182
       Invisible         |       |       |     1 |    11 |   170 |   125 |   121 |    47 |    41 ||   516
  Eat: Chunk             |     7 |    15 |    21 |    31 |    52 |    22 |    41 |    46 |    43 ||   278
       Beef jerky        |       |       |     1 |       |     3 |    13 |     5 |     6 |     4 ||    32
       Pizza             |       |       |       |       |     7 |     1 |       |       |     4 ||    12
       Meat ration       |       |       |       |       |       |     3 |       |     2 |     8 ||    13
       Royal jelly       |       |       |       |       |       |       |     1 |       |     1 ||     2
       Fruit             |       |       |       |       |       |       |       |     2 |     2 ||     4
       Bread ration      |       |       |       |       |       |       |       |       |     2 ||     2

Vault maps used:
D:1:      mushboom_english_gardens
D:2:      corexii_hall_statues_i, minmay_misc_feat_encased,
          grunt_dithmenos_smoke
D:3:      portal_sewer_entry_a
D:4:      lemuel_doored_altar, temple_green, grunt_ministairs_14
D:5:      minmay_opposing_rooms, lemuel_round_altar, old_standard_altar,
          nicolae_overflow_hidden_temple, serial_glass, glass_columns_b,
          glass_columns_b, minmay_strange_pillars, first_bread,
          minmay_stone_trees_small
D:6:      elyvilon_altar_4
D:7:      lemuel_blue_sif_altar, uniq_prince_ribbit1
D:8:      kennysheep_blocky_room, kennysheep_mini_moat, hangedman_ranch
D:9:      nicolae_whirlpool, tgw_trog, grunt_lair_entry_orc_guard_hut,
          basic_altar, st_stairs_4
D:11:     lemuel_flamethrower_1, uniq_psyche
D:12:     minmay_spiral_squares, serial_park_tiny_pond
D:13:     serial_bayou, serial_bayou_ford_a, serial_bayou_pond_d,
          serial_bayou_pond_e, serial_bayou_pond_d
D:14:     david_vaults_1, serial_shops, shop, kennysheep_generic_room_15,
          uniq_agnes
D:15:     hangedman_depths_entry_civil_slaughter, minmay_fountain_box
Lair:1:   portal_ice_cave_entry_pillars_02, beast_lair_carwin_3,
          grunt_megastairs_1, lemuel_fruit_fields
Lair:2:   lab_entry_generic
Lair:3:   swamp_mist_pool, nicolae_quartered_pool_little, uniq_gastronok,
          uniq_snorg
Lair:4:   patterned_corridor
Lair:5:   dummy_snake_entry, serial_bayou_pond_c, roderic_lost_polar_bear
Lair:6:   disabler_island
Lair:7:   nicolae_lair_grove_arrangements, grunt_forest_small_clearing_treed
Lair:8:   guppyfry_lair_end_dragon, hangedman_lair_caniforms_friends,
          slime_altar_1, grunt_megastairs_4, lemuel_fruit_fields
Swamp:1:  basic_altar, swamp_pool3
Swamp:2:  evilmike_swamp_ruin_house_4
Swamp:3:  evilmike_swamp_ruin_rubble_1
Swamp:4:  swamp_old_school, swamp_pool3, uniq_kirke
Snake:1:  serial_shops, shop
Snake:2:  serial_shops, statue_bzr, nicolae_snake_linked_coils, uniq_asterion
Snake:3:  nicolae_aizul_guard, serial_shops, shop, serial_bayou_shore_a
Snake:4:  snake_pit
Slime:1:  cheibrodos_slime_lost_civilization_6
Slime:3:  uniq_dissolution
Slime:4:  basic_altar, cheibrodos_slime_lost_civilization_5
Orc:1:    basic_altar
Orc:2:    grunt_orc_cross, serial_shops, shop, nicolae_volcano_entry_batcave,
          abandoned_shop
Elf:1:    elf_arrival_001, minivault_28
Elf:2:    serial_shops, shop_fountains, shop, shop, shop, shop, special_room,
          nrook_uturn, nicolae_elf_m_pinch
Elf:3:    minmay_elf_hall_quartered_circle, serial_shops, shop, uniq_aizul
Vaults:1: v_misc_2, v_alt_pattern_6, v_alt_pattern_6,
          nicolae_vaults_yaktaur_gun_rack, vaults_room_corners
Vaults:2: vaults_room_fours, vaults_standard_mumra_x,
          nicolae_vaults_little_squares_3, vaults_room_pools,
          ontoclasm_vaults_pinch, vaults_mumra_chevron,
          vaults_standard_mumra_lines, nicolae_vaults_quartermaster,
          ontoclasm_vaults_twist, vaults_mumra_lcd, hangedman_vaults_capsules,
          basic_altar, uniq_saint_roka
Vaults:3: minmay_crypt_entry_simple_corners, ontoclasm_vaults_idyll, v_misc_10,
          v_misc_23, ontoclasm_vaults_claustrophobia, nicolae_vaults_alarming,
          vaults_room_pools, vaults_room_pool, nicolae_vaults_little_squares_1,
          ontoclasm_vaults_ligature, ontoclasm_vaults_decontamination,
          dpeg_vaults_monster_box, uniq_xtahua
Vaults:4: v_misc_17, nicolae_vaults_hallways_thing, st_star, vaults_dpeg_doors,
          hangedman_vaults_trim, vaults_mumra_minichess_inversion,
          ontoclasm_vaults_spin, ontoclasm_vaults_eye, nicolae_vaults_rhombus_5,
          v_misc_9, nicolae_vaults_sealed_display, v_misc_14, v_misc_24,
          vaults_dpeg_diagonal, nicolae_vaults_little_squares_4,
          vaults_room_semicircle, serial_shops, shop, basic_altar
Crypt:1:  due_chaos_kobolds, feat_on_display, uniq_jory, uniq_margery
Crypt:2:  mu_enter_wizlab_3, weyrava_lich_vault
Crypt:3:  cryptofortress_bobbens
Depths:1: abyss_entry_flame_altar, hangedman_coc_ice_floe,
          minmay_misc_feat_rows, hangedman_blasphemy
Depths:2: hangedman_slaughterboxes, hell_entry
Depths:3: fort_yaktaur, enter_ziggurat_c, pan_entry,
          serial_sigils_hangedman_snap, hell_entry,
          infiniplex_staircase_pool_lava
Depths:4: grunt_deathspiral_large, pan_entry, hell_entry,
          hangedman_abyss_entry_splay, minmay_misc_feat_chi, mu_enter_wizlab_6
Depths:5: lemuel_castle_with_subvaults, hell_entry, nicolae_two_hexagons
Abyss:1:  hangedman_decor_lopped
Abyss:2:  evilmike_abyss_exit_6
Abyss:4:  hangedman_abyss_rune_flesh_and_stone
Pan:      evilmike_mini_pan_branches, evilmike_mini_pan_V,
          pan_blood_fountain_small, nicolae_pan_strange_glyphs, rand_demon_9,
          evilmike_mini_pan_corner, evilmike_mini_pan_diamond,
          pan_blood_fountain_2, rand_demon_3, nicolae_pan_mnolegish_2,
          lemuel_hall_of_pain, nicolae_pan_giant_door, grunt_pan_sceptre,
          evilmike_mini_pan_T, nicolae_pan_sigil_nadil, rand_demon_8,
          pan_blood_fountain_small, nicolae_pan_mnolegish_1,
          lemuel_hellion_island, pan_blood_fountain_small, rand_demon_8,
          pan_blood_fountain, nicolae_pan_sigil_obb, evilmike_mini_pan_pillars,
          grunt_pan_in_and_out, evilmike_mini_pan_T, pan_blood_fountain,
          evilmike_mini_pan_T, pan_blood_fountain, nicolae_pan_diamonds,
          nicolae_pan_sigil_itan, grunt_pan_frozen_over, nicolae_pan_hourglass,
          lemuel_draining_boxes, pan_blood_fountain, evilmike_mini_pan_corridor,
          nicolae_pan_cerebovesque_1, nicolae_pan_sigil_uleosi, mnoleg_grunt,
          evilmike_mini_pan_branches, evilmike_mini_pan_V,
          nicolae_pan_sick_transit, evilmike_mini_pan_V, cerebov_st,
          pan_blood_fountain
Lab:      labyrinth_spiral, nicolae_lab_quarters, labyrinth_fake_exit,
          nicolae_lab_flowing_pool, nicolae_lab_x
Bazaar:   bazaar_kb_twisted_cavern
Sewer:    sewer_fruit_machine
IceCv:    ice_cave_small_necro
Volcano:  volcano_lake
WizLab:   wizlab_demon
